Map: [ESL] Ghost River

Players

Stats

  • Race: Protoss Protoss
  • Spawn Location: 1:00

Oliveira - Winner!

  • Race: Terran Terran
  • Spawn Location: 11:00

Event: ESL Spring 2024 Finals

VOD

Have the link to the VOD?

Description

Time

  • Played on: May 31, 2024, 12:31 p.m.
  • Length: 6:16

All games in this series

Show
View Real Time Build Order
Export as new Build Order

Stats Protoss 

Build Orders: 1 Gate Expand, Blink Stalkers 

Get SALT Encoding   

  12  0:00  Probe  
  13  0:12  Probe  
  14  0:17  Pylon  
  14  0:24  Probe (Chrono Boost)  
  15  0:36  Gateway, Probe (Chrono Boost)  
  16  0:44  Probe (Chrono Boost)  
  16  0:46  Assimilator  
  17  0:51  Probe  
  18  1:03  Probe  
  19  1:15  Probe  
  20  1:23  Cybernetics Core  
  20  1:32  Nexus  
  20  1:34  Probe  
  21  1:40  Pylon  
  21  1:45  Assimilator  
  21  1:48  Probe  
  22  1:56  Adept (Chrono Boost)  
  22  2:00  Warp Gate, Probe  
  25  2:13  Probe  
  26  2:17  Adept (Chrono Boost)  
  28  2:25  Probe  
  29  2:31  Twilight Council  
  29  2:39  Probe (Chrono Boost)  
  29  2:43  Adept  
  33  2:44  Probe (Chrono Boost)  
  34  2:54  Probe x2 (Chrono Boost)  
  35  2:59  Probe (Chrono Boost)  
  35  3:01  Blink (Chrono Boost), Probe  
  35  3:03  Gateway  
  37  3:11  Probe  
  38  3:13  Probe  
  39  3:20  Robotics Facility  
  39  3:23  Probe  
  39  3:25  Shield Battery, Probe  
  41  3:33  Gateway  
  41  3:36  Pylon  
  41  3:37  Probe  
  41  3:38  Probe  
  43  3:41  Pylon  
  43  3:48  Stalker  
  45  3:49  Probe  
  45  3:54  Probe  
  47  3:57  Stalker  
  47  4:00  Assimilator  
  47  4:01  Assimilator  
  49  4:06  Probe x2  
  49  4:07  Observer  
  52  4:12  Stalker  
  52  4:15  Pylon  
  54  4:18  Probe x2  
  54  4:22  Stalker  
  58  4:26  Observer  
  58  4:29  Stalker  
  61  4:32  Probe  
  61  4:33  Probe  
  61  4:35  Pylon  
  63  4:44  Robotics Bay  
  63  4:54  Immortal (Chrono Boost)  
  67  5:01  Nexus  
  67  5:03  Pylon  
  67  5:05  Probe x2  
  68  5:16  Stalker x3  
  74  5:27  Shield Battery  
  74  5:29  Shield Battery  
  76  5:36  Pylon  
  76  5:41  Stalker  
  78  5:49  Stalker  
  79  5:50  Stalker  
  81  5:59  Gateway  
  81  6:02  Gateway  
  80  6:09  Pylon  
Show
View Real Time Build Order
Export as new Build Order

Oliveira Terran - Winner!

Build Orders: Cyclone Opening 

Get SALT Encoding   

  12  0:00  SCV  
  13  0:12  SCV  
  14  0:17  Supply Depot  
  14  0:24  SCV  
  15  0:38  SCV  
  15  0:40  Barracks  
  16  0:44  Refinery  
  16  0:50  SCV  
  17  1:03  SCV  
  18  1:15  SCV  
  19  1:27  Orbital Command  
  19  1:28  Marine  
  20  1:42  Command Center  
  20  1:51  Factory  
  20  1:53  SCV  
  21  2:05  SCV, Barracks Reactor  
  21  2:08  Supply Depot  
  22  2:17  SCV  
  22  2:19  Barracks  
  23  2:22  Refinery  
  24  2:30  SCV  
  24  2:34  Cyclone  
  26  2:42  SCV, Marine x2  
  29  2:53  Orbital Command  
  29  2:54  SCV  
  30  3:00  Marine x2  
  32  3:06  Barracks Tech Lab  
  32  3:07  Barracks  
  32  3:11  Factory Tech Lab  
  32  3:13  SCV  
  32  3:17  Orbital Command  
  32  3:18  Marine  
  34  3:25  SCV, Stimpack  
  34  3:27  Marine  
  35  3:33  Siege Tank  
  39  3:38  Supply Depot  
  39  3:39  SCV  
  40  3:41  Marine  
  40  3:43  SCV  
  42  3:49  Marine  
  42  3:50  Marine  
  42  3:51  SCV  
  45  3:55  SCV  
  45  3:56  Barracks Tech Lab  
  45  3:59  Supply Depot  
  45  4:01  Marine  
  47  4:05  Siege Tank  
  47  4:06  SCV  
  47  4:09  SCV  
  52  4:10  Marine  
  52  4:12  Marine  
  52  4:15  Combat Shield  
  54  4:20  Supply Depot, Marine  
  54  4:22  SCV  
  54  4:23  SCV  
  57  4:25  Marine  
  57  4:30  Engineering Bay  
  57  4:31  Marine  
  59  4:34  Marine  
  59  4:36  SCV  
  59  4:38  SCV  
  62  4:41  Marine  
  62  4:43  Siege Tank  
  66  4:47  Supply Depot  
  66  4:49  SCV  
  66  4:50  SCV  
  68  4:56  Marine, Refinery  
  69  5:01  SCV  
  70  5:08  SCV, Marine  
  70  5:09  Marauder  
  70  5:10  Supply Depot  
  70  5:12  Marine  
  75  5:16  SCV  
  75  5:17  Marine  
  77  5:25  SCV  
  77  5:26  Marine  
  75  5:30  Marine  
  75  5:31  SCV  
  75  5:32  Marine  
  75  5:34  Marine  
  78  5:37  SCV  
  75  5:44  SCV  
  75  5:45  Marine  
  75  5:49  Marine  
  76  5:51  Marauder  
  76  5:52  Marine  
  76  5:53  SCV  
  76  5:56  SCV  
Tags
 
Add a new tag
Caveats
  • Supply blocks, unpowered buildings, or Contaminate may cause inaccurate times.
  • Supply counts are checked every 10 seconds.